 Dungeon Crawl Stone Soup version 0.21.0 (webtiles) character file.

575 theswoord the Cudgeler (level 7, 0/45 HPs)
             Began as a Gargoyle Fighter on Jan 6, 2018.
             Was a Follower of Makhleb.
             Killed by divine providence
             ... invoked by an orc priest
              (15 damage)
             ... on level 4 of the Dungeon.
             The game lasted 00:07:47 (2658 turns).

theswoord the Cudgeler (Gargoyle Fighter)           Turns: 2658, Time: 00:07:48

Health: 0/45       AC: 19    Str: 19    XL:     7   Next: 35%
Magic:  7/7        EV:  3    Int:  9    God:    Makhleb [*.....]
Gold:   166        SH:  9    Dex: 11    Spells: 6/6 levels left

rFire    . . .     SeeInvis .   h - +0 whip
rCold    . . .     Gourm    .   c - +0 shield
rNeg     + . .     Faith    +   C - +1 plate armour
rPois    ∞         Spirit   .   s - +0 helmet
rElec    +         Reflect  .   (no cloak)
rCorr    .         Harm     .   A - +0 pair of gloves (curse)
MR       .....                  (no boots)
Stlth    ..........             y - amulet of faith
HPRegen  0.15/turn              (no ring)
MPRegen  0.10/turn              (no ring)

@: about to teleport, flying, very slightly contaminated
A: negative energy resistance 1, electricity resistance, unbreathing,
petrification resistance, rot immunity, AC +4
a: Renounce Religion


You were on level 4 of the Dungeon.
You worshipped Makhleb.
Makhleb was aware of your devotion.
You were not hungry.

You visited 1 branch of the dungeon, and saw 4 of its levels.

You collected 166 gold pieces.

Inventory:

Hand Weapons
 a - a +1 flail
 h - a +0 whip (weapon)
Armour
 b - a +0 scale mail
 c - a +0 shield (worn)
 s - a +0 helmet (worn)
 u - a +0 helmet
 A - a cursed +0 pair of gloves (worn)
 C - a +1 plate armour (worn)
Jewellery
 o - an uncursed amulet of the gourmand
 y - an amulet of faith (around neck)
Scrolls
 k - a scroll of fear {unknown}
 m - 2 scrolls of magic mapping
 p - a scroll of identify
 q - 3 scrolls of remove curse
 t - a scroll of enchant weapon
Potions
 d - 2 potions of lignification
 e - 3 potions of curing
 n - a potion of brilliance {unknown}
 r - 2 potions of heal wounds {unknown}
 x - a potion of degeneration {unknown}
 z - a potion of agility
Comestibles
 f - 9 rations
 g - 6 chunks of flesh


   Skills:
 + Level 5.8 Fighting
 * Level 6.5 Maces & Flails
 - Level 3.2 Armour
 - Level 3.2 Shields


You had 6 spell levels left.
You didn't know any spells.

Dungeon Overview and Level Annotations

Branches:
Dungeon (4/15)
 Temple: D:4-7

Altars:
Fedhas
Makhleb
Okawaru
Qazlal


Innate Abilities, Weirdness & Mutations

You are resistant to torment.
Your stone body is resilient. (AC +4)
You are immune to poison.
You resist negative energy. (rN+)
You are resistant to electric shocks. (rElec)
You can survive without breathing.
You are immune to petrification.
You are immune to rotting.


Message History

You feel very buoyant.
You fly up into the air.
You block the orc priest's attack. The orc priest barely misses you.
It was a potion of invisibility.
You fade into invisibility!
The orc priest invokes the aid of Beogh against you.
You struggle to resist.
You are very lightly contaminated with residual magic.
Okay, then.
You see here a dagger.
Some of the chunks of flesh in your inventory have rotted away.
You flicker for a moment.
You flicker back into view.
As you read the scroll of teleportation, it crumbles to dust.
You feel strangely unstable.
You hit the orc. You closely miss the orc.
The orc priest invokes the aid of Beogh against you.
Beogh smites you!
You die...

##############
#..o.o@....... .#
#.############ #.# #.#
#.# #o# ##### #.#
#o###...# #.# #....o#.#
########.#
#.#####)..######.........
#....o...................
########.#######.######.#


You could see an orc priest and an orc.

Vanquished Creatures
  A phantom (D:4)
  The ghost of mortelune the Chopper, an amateur DDFi (D:3)
  An ogre (D:4)
  A bullfrog skeleton (D:4)
  A hound (D:4)
  An orc priest (D:4)
  Terence (D:3)
  9 adders
  An adder skeleton (D:4)
  4 worms
  A dart slug (D:3)
  3 leopard geckos
  7 orcs
  5 giant cockroaches
  8 goblins
  4 hobgoblins
  11 jackals
  7 kobolds
  4 quokkas
  A ball python (D:4)
  12 bats
  5 frilled lizards
  9 rats
98 creatures vanquished.

Notes
Turn   | Place    | Note
-------+----------+-------------------------------------------
     0 | D:1      | theswoord the Gargoyle Fighter began the quest for the Orb.
     0 | D:1      | Reached XP level 1. HP: 14/14 MP: 1/1
    56 | D:1      | Reached XP level 2. HP: 18/19 MP: 2/2
   406 | D:1      | Reached skill level 3 in Maces & Flails
   419 | D:1      | Reached XP level 3. HP: 21/24 MP: 3/3
   659 | D:2      | You fall through a shaft!
   715 | D:3      | Noticed mortelune's ghost (amateur DDFi)
   780 | D:3      | Killed mortelune's ghost
   780 | D:3      | Reached skill level 4 in Maces & Flails
   780 | D:3      | Reached XP level 4. HP: 16/30 MP: 4/4
   780 | D:3      | Reached XP level 5. HP: 19/34 MP: 5/5
  1170 | D:3      | Noticed Terence
  1195 | D:3      | Killed Terence
  1223 | D:3      | Reached skill level 5 in Maces & Flails
  1367 | D:3      | Reached XP level 6. HP: 40/40 MP: 6/6
  1651 | D:2      | Found an iron altar of Okawaru.
  1653 | D:2      | Found a burning altar of Makhleb.
  1669 | D:2      | Became a worshipper of Makhleb the Destroyer
  1989 | D:2      | Reached skill level 5 in Fighting
  1993 | D:2      | Found a stormy altar of Qazlal.
  1996 | D:2      | Found a blossoming altar of Fedhas.
  2387 | D:4      | Noticed a phantom
  2404 | D:4      | Killed a phantom
  2426 | D:4      | Reached skill level 6 in Maces & Flails
  2426 | D:4      | Reached XP level 7. HP: 38/44 MP: 7/7
  2429 | D:4      | Reached * piety under Makhleb
  2658 | D:4      | Killed from afar by an orc priest

Skill      XL: |  1  2  3  4  5  6 |
---------------+-------------------+-----
Maces & Flails | 3 4 5 6 |  6.5
Fighting       | 4 5 |  5.8
Armour         | |  3.2
Shields        | |  3.2

Action                   |  1- 3 |  4- 6 |  7- 9 || total
-------------------------+-------+-------+-------++-------
Melee: Flail             |   120 |   186 |    12 ||   318
       Whip              |       |       |    53 ||    53
  Use: Scroll            |     6 |     5 |     1 ||    12
       Potion            |     2 |       |     5 ||     7
  Eat: Chunk             |       |     5 |     1 ||     6
Armor: Scale mail        |    84 |    59 |       ||   143
       Plate armour      |       |    11 |    30 ||    41
       Skin              |       |       |     2 ||     2
Dodge: Dodged            |    51 |    38 |     7 ||    96
Block: Shield            |    67 |    79 |    16 ||   162

Vault maps used:
D:1:      dpeg_arrival_arbitrary_c, serial_aquarium, aquarium_bridge_square,
          aquarium_bridge_long_joined, aquarium_window_fake, aquarium_window_2,
          aquarium_view_2e, aquarium_balcony_1a
D:2:      grunt_temple_overflow_forces_of_nature,
          chequers_temple_overflow_statue_of_worship, first_ration
D:3:      uniq_terence
D:4:      saegor_snake_ambush, uniq_robin, uniq_ijyb, uniq_pikel
